 Dungeon Crawl Stone Soup version 0.27.0-1-g7a089689b8 (console) character file.

Game seed: 7239946153100457078

18 jejorda2 the Sneak (level 2, 0/13 HPs)
             Began as a Spriggan Air Elementalist on Aug 5, 2021.
             Was a Follower of Yredelemnul.
             Killed from afar by Natasha (5 damage)
             ... with a magic dart
             ... on level 2 of the Dungeon.
             The game lasted 00:03:59 (1078 turns).

jejorda2 the Sneak (Spriggan Air Elementalist)      Turns: 1078, Time: 00:04:02

Health: 0/13       AC:  2    Str:  4    XL:     2   Next: 48%
Magic:  0/6        EV: 17    Int: 16    God:    Yredelemnul [*.....]
Gold:   28         SH:  0    Dex: 15    Spells: 3/6 levels left

rFire    . . .     SeeInvis +   b - +0 spear
rCold    . . .     Faith    .   (shield restricted)
rNeg     . . .     Spirit   .   a - +0 robe
rPois    .         Reflect  .   (helmet restricted)
rElec    .         Harm     .   (no cloak)
rCorr    .         Rampage  .   (gloves unavailable)
Will     .....                  (boots unavailable)
Stlth    ++........             (no amulet)
HPRegen  0.04/turn              (no ring)
MPRegen  0.10/turn              (no ring)

@: very slightly contaminated, very quick
A: very small, no large weapons, unfitting armour, see invisible, speed 3
a: Renounce Religion, Animate Remains


You were on level 2 of the Dungeon.
You worshipped Yredelemnul.
Yredelemnul was aware of your devotion.
You visited 1 branch of the dungeon, and saw 2 of its levels.

You collected 28 gold pieces.

Inventory:

Hand Weapons
 b - a +0 spear (weapon)
 f - a +0 dagger
Armour
 a - a +0 robe (worn)
Scrolls
 c - 3 scrolls of blinking {unknown}
 d - a scroll of amnesia {unknown}
Potions
 e - a potion of resistance {unknown}


   Skills:
 - Level 2.6 Dodging
 - Level 3.0 Stealth
 - Level 2.6 Spellcasting
 * Level 1.5 Conjurations
 + Level 3.0 Air Magic


You had 3 spell levels left.
You knew the following spells:

 Your Spells              Type           Power      Damage    Failure   Level
a - Shock                 Conj/Air       36%        1d5       8%          1
b - Static Discharge      Conj/Air       9%         N/A       12%         2

Your spell library contained the following spells:

 Spells                   Type           Power      Damage    Failure   Level
 Swiftness                Air            11%        N/A       17%         3
 Airstrike                Air            5%         N/A       50%         4


Dungeon Overview and Level Annotations

Branches:
Dungeon (2/15)

Altars:
Yredelemnul

Annotations:
D:2 Natasha


Innate Abilities, Weirdness & Mutations

You are very small and have problems with some larger weapons.
You are too small for most types of armour.
You have supernaturally acute eyesight. (SInv)
You cover ground extremely quickly. (Speed+++)


Message History

Casting: Shock (safe; 8% risk of failure)
Confirm with . or Enter, or press ? or * to list all spells.
You don't have enough magic to cast this spell.
Natasha growls.
Natasha casts a spell.
The crimson imp blinks!
Natasha casts a spell.
You swap places.
Something claws your rat zombie.
Your rat zombie barely misses something.
Something claws your rat zombie.
Your rat zombie is destroyed!
Casting: Shock (safe; 8% risk of failure)
Confirm with . or Enter, or press ? or * to list all spells.
Aiming: Shock (safe; 8% risk of failure)
Press: ? - help, Shift-Dir - straight line, p - Natasha You miscast Shock.
You are very lightly contaminated with residual magic.
Nothing appears to happen.
Casting: Shock (safe; 8% risk of failure)
Confirm with . or Enter, or press ? or * to list all spells.
Okay, then.
Casting: Shock (safe; 8% risk of failure)
Confirm with . or Enter, or press ? or * to list all spells.
Aiming: Shock (safe; 8% risk of failure)
Press: ? - help, Shift-Dir - straight line The zap hits Natasha.
Natasha is almost dead.
Natasha casts a spell at you. You resist with some effort.
Unknown command.
Reach: b) +0 spear
Press: ? - help, Dir - move target, f - Natasha
Aim: Natasha (almost dead, about 47% to evade your +0 spear)
You reach to attack!
You hit Natasha.
Natasha is almost dead.
Natasha casts a spell at you. The magic dart hits you.
You die...
Your body rises from the dead as a mindless zombie.

..<..# #..#####..#.(....
.###.## ##................
.###..## ##.##..h...........
.....#.###.###.#####....##..
#######...####..^.......>>..
#######...####.5......
##.....###h5......
#.......##.###.###
##....@.##.# .# ##.....h5.#
. ##.##.#### . ####.# #.#
#.# #.# #.# #.#


You could see Natasha and a white imp (summoned).

Vanquished Creatures
  A dart slug (D:1)
  2 ball pythons (D:1)
  3 bats
  2 endoplasms
  A giant cockroach (D:1)
  A goblin (D:1)
  2 kobolds (D:1)
  A quokka (D:1)
  A rat (D:2)
14 creatures vanquished.

Vanquished Creatures (others)
  A rat zombie (D:2)
1 creature vanquished.

Grand Total: 15 creatures vanquished

Notes
Turn   | Place    | Note
-------+----------+-------------------------------------------
     0 | D:1      | jejorda2 the Spriggan Air Elementalist began the quest for
                  | the Orb.
     0 | D:1      | Reached XP level 1. HP: 9/9 MP: 5/5
   128 | D:1      | Reached skill level 1 in Conjurations
   312 | D:1      | Reached XP level 2. HP: 6/13 MP: 4/6
   508 | D:1      | Learned a level 2 spell: Static Discharge
   872 | D:2      | Found a faded altar of an unknown god.
   921 | D:2      | Became a worshipper of Yredelemnul the Dark
   921 | D:2      | Reached * piety under Yredelemnul
  1019 | D:2      | Noticed Natasha
  1054 | D:2      | Noticed a crimson imp
  1066 | D:2      | Noticed a crimson imp
  1078 | D:2      | Killed from afar by Natasha

Illustrated notes

Levels and vault maps discovered:
D:1:      lemuel_arrival_cross, layout_rooms, st_stairs_5
D:2:      layout_loops_cross, ebering_ecumenical_altar_box, uniq_natasha

Skill      XL: |  1  2 |
---------------+-------+-----
Conjurations   | 1 |  1.5
Air Magic      | 3 |  3.0
Dodging        | |  2.6
Stealth        | |  3.0
Spellcasting   | |  2.6

Action                   || total
-------------------------++-------
Melee: Spear             ||    13
 Cast: Shock             ||    34
Invok: Animate Remains   ||     1
 Stab: Sleeping          ||     1
Armor: Robe              ||     1
Dodge: Dodged            ||    10
